 Dungeon Crawl Stone Soup version 0.24-a0-271-ga0fc33f (webtiles) character file.

Game seed: 6755256428605364243

45 Laiders72 the Magician (level 3, -1/25 HPs)
             Began as a Gnoll Wizard on Apr 24, 2019.
             Succumbed to Sigmund's poison
             ... on level 2 of the Dungeon.
             The game lasted 00:05:26 (1674 turns).

Laiders72 the Magician (Gnoll Wizard)               Turns: 1674, Time: 00:05:27

Health: -1/25      AC:  6    Str: 10    XL:     3   Next: 64%
Magic:  7/11       EV: 12    Int: 20    God:
Gold:   68         SH:  0    Dex: 13    Spells: 13/16 levels left

rFire    . . .     SeeInvis .   e - +0 whip
rCold    . . .     Gourm    .   (no shield)
rNeg     . . .     Faith    .   m - +0 ring mail
rPois    .         Spirit   .   i - +0 helmet
rElec    .         Reflect  .   (no cloak)
rCorr    .         Harm     .   (no gloves)
MR       .....                  (no boots)
Stlth    ++........             (no amulet)
HPRegen  0.08/turn              (no ring)
MPRegen  0.12/turn              (no ring)

@: lethally poisoned (-1 -> -24), very slightly contaminated
A: distributed training, fangs 1, strong nose
a: no special abilities


You were on level 2 of the Dungeon.
You were not hungry.

You visited 1 branch of the dungeon, and saw 2 of its levels.

You collected 68 gold pieces.

Inventory:

Hand Weapons
 e - a +0 whip (weapon)
 n - a +0 hunting sling
Missiles
 c - 24 sling bullets
 j - 37 arrows
Armour
 i - a +0 helmet (worn)
 m - a +0 ring mail (worn)
Scrolls
 f - 2 scrolls of remove curse {unknown}
 h - 2 scrolls of enchant weapon {unknown}
 l - a scroll of amnesia {unknown}
Potions
 a - a potion of curing {unknown}
 g - a potion of heal wounds {unknown}
 k - a potion of cancellation {unknown}
Comestibles
 b - 7 chunks of flesh
 d - a ration


   Skills:
 + Level 0.8 Fighting
 + Level 0.8 Short Blades
 + Level 0.8 Long Blades
 + Level 0.8 Axes
 + Level 0.8 Maces & Flails
 + Level 0.8 Polearms
 + Level 0.8 Staves
 + Level 0.8 Slings
 + Level 0.8 Bows
 + Level 0.8 Crossbows
 + Level 0.8 Throwing
 + Level 0.8 Armour
 + Level 4.5 Dodging
 + Level 4.1 Stealth
 + Level 0.8 Shields
 + Level 0.8 Unarmed Combat
 + Level 7.1 Spellcasting
 + Level 2.1 Conjurations
 + Level 0.5 Hexes
 + Level 0.5 Charms
 + Level 2.1 Summonings
 + Level 0.5 Necromancy
 + Level 2.1 Translocations
 + Level 0.5 Transmutations
 + Level 0.5 Fire Magic
 + Level 0.5 Ice Magic
 + Level 0.5 Air Magic
 + Level 0.5 Earth Magic
 + Level 0.5 Poison Magic
 + Level 1.0 Invocations
 + Level 0.8 Evocations


You had 13 spell levels left.
You knew the following spells:

 Your Spells              Type           Power        Failure   Level  Hunger
a - Magic Dart            Conj           ###.         10%         1    None
b - Call Imp              Summ           ###.....     16%         2    None

Your spell library contained the following spells:

 Spells                   Type           Power        Failure   Level  Hunger
 Blink                    Tloc           N/A          16%         2    None
 Slow                     Hex            #.......     28%         2    None
 Conjure Flame            Conj/Fire      ##......     38%         3    #......
 Mephitic Cloud           Conj/Pois/Air  ##......     43%         3    #......


Dungeon Overview and Level Annotations

Branches:
Dungeon (2/15)

Altars:

Annotations:
D:2 Sigmund


Innate Abilities, Weirdness & Mutations

Your experience applies equally to all skills.
You have very sharp teeth.
Your uncanny sense of smell can sniff out nearby items.


Message History

Found a scroll labeled LAS BOISOCKEUTWE.
Casting: Magic Dart (safe; 10% risk of failure)
Confirm with . or Enter, or press ? or * to list all spells.
You miscast Call Imp.
You are very lightly contaminated with residual magic.
Distant voices call out to you! The bat closely misses you.
Sigmund hits you from afar with a +0 scythe of venom!
Ouch! That really hurt!
You are lethally poisoned!
Casting: Call Imp (safe; 16% risk of failure)
Confirm with . or Enter, or press ? or * to list all spells.
A beastly little devil appears in a puff of flame.
You feel sick. The bat barely misses you. The bat closely misses you.
Sigmund hits you from afar with a +0 scythe of venom!
* * * LOW HITPOINT WARNING * * *
You are more poisoned.
The bat hits your crimson imp.
* * * LOW HITPOINT WARNING * * *
You feel sick. The bat barely misses you.
You die...

#.# #.###.# ###
#.###...#.########.##
....................#
#.###...#.########.##
#.###...#.# #.#
..##......# #.#
#####...##########(###
##.## #.........# #.#
#.###@#...# #.#
#.#...# #+# #.#...#
#b5...# #@##..# #.#
....# ## ... ..#.# .+
∆ ... # ## ... .. .. .


You could see Sigmund, a bat and a friendly crimson imp.

Vanquished Creatures
  An adder (D:2)
  2 dart slugs
  A leopard gecko (D:1)
  5 bats
  A giant cockroach (D:1)
  4 goblins
  2 hobgoblins (D:2)
  4 kobolds
  A quokka (D:2)
  2 ball pythons (D:2)
  3 frilled lizards (D:2)
  3 rats
29 creatures vanquished.

Vanquished Creatures (collateral kills)
  A bat (D:2)
  A kobold (D:2)
2 creatures vanquished.

Grand Total: 31 creatures vanquished

Notes
Turn   | Place    | Note
-------+----------+-------------------------------------------
     0 | D:1      | Laiders72 the Gnoll Wizard began the quest for the Orb.
     0 | D:1      | Reached XP level 1. HP: 13/13 MP: 8/8
   202 | D:1      | Reached XP level 2. HP: 19/19 MP: 8/10
   883 | D:2      | Reached XP level 3. HP: 25/25 MP: 7/11
   917 | D:2      | Learned a level 2 spell: Call Imp
  1135 | D:2      | Noticed Sigmund
  1527 | D:2      | Reached skill level 1 in Invocations
  1673 | D:2      | HP: 1/25 [poisoned by Sigmund]
  1674 | D:2      | Succumbed to Sigmund's poison

Levels and vault maps discovered:
D:1:      eino_arrival_water_cross, layout_loops_ring
D:2:      layout_loops_corners, minmay_fractal_squares_5, uniq_sigmund

Skill      XL: |  1  2  3 |
---------------+----------+-----
Conjurations   | 2 |  2.1
Summonings     | 2 |  2.1
Translocations | 2 |  2.1
Invocations    | 1 |  1.0
Fighting       | |  0.8
Short Blades   | |  0.8
Long Blades    | |  0.8
Axes           | |  0.8
Maces & Flails | |  0.8
Polearms       | |  0.8
Staves         | |  0.8
Slings         | |  0.8
Bows           | |  0.8
Crossbows      | |  0.8
Throwing       | |  0.8
Armour         | |  0.8
Dodging        | |  4.5
Stealth        | |  4.1
Shields        | |  0.8
Unarmed Combat | |  0.8
Spellcasting   | |  7.1
Hexes          | |  0.5
Charms         | |  0.5
Necromancy     | |  0.5
Transmutations | |  0.5
Fire Magic     | |  0.5
Ice Magic      | |  0.5
Air Magic      | |  0.5
Earth Magic    | |  0.5
Poison Magic   | |  0.5
Evocations     | |  0.8

Action                   || total
-------------------------++-------
Melee: Whip              ||    50
       Bite              ||     2
 Cast: Magic Dart        ||    45
       Call Imp          ||     4
 Stab: Sleeping          ||     1
  Eat: Chunk             ||     2
Armor: Ring mail         ||    29
Dodge: Dodged            ||    58

Table legend:
 A = Non-vault XP
 B = Vault XP
 C = Vault XP percentage of total XP
 D = Non-vault monster count
 E = Vault monster count
 F = Vault count percentage of total count
                 A         B        C        D         E       F
            +---------+---------+-------+---------+---------+-------
      Total |      63 |       2 |   3.1 |      29 |       2 |   6.5
            +---------+---------+-------+---------+---------+-------
        D:1 |      21 |       0 |   0.0 |      11 |       0 |   0.0
        D:2 |      42 |       2 |   4.5 |      18 |       2 |  10.0
            +---------+---------+-------+---------+---------+-------
